 Dungeon Crawl Stone Soup version 0.29.0-11-gd7f09526c8 (webtiles) character file.

Game seed: 4601868316306967379

711 LustLizard the Ruffian (level 7, 0/70 HPs)
             Began as a Troll Fighter on Sept 5, 2022.
             Slain by Joseph
             ... wielding a +0 quarterstaff
              (17 damage)
             ... on level 7 of the Dungeon.
             The game lasted 00:07:46 (3795 turns).

LustLizard the Ruffian (Troll Fighter)              Turns: 3795, Time: 00:07:46

Health: 0/70       AC:  4    Str: 25    XL:     7   Next: 40%
Magic:  6/6        EV:  8    Int:  6    God:
Gold:   138        SH:  8    Dex:  9    Spells: 6/6 levels left

rFire   . . .      SeeInvis .     - Unarmed
rCold   . . .      Faith    .   b - +0 kite shield
rNeg    . . .      Spirit   .   a - +0 robe
rPois   .          Reflect  .   (helmet restricted)
rElec   .          Harm     .   (no cloak)
rCorr   .          Rampage  .   (gloves unavailable)
Will    .....                   (boots unavailable)
Stlth   +.........              (no amulet)
HPRegen 1.01/turn               q - ring of wizardry
MPRegen 0.10/turn               (no ring)

@: hasted, very quick
A: large, unfitting armour, claws 3, regeneration 1, shaggy fur 1, tough skin 1
a: no special abilities


You were on level 7 of the Dungeon.
You visited 2 branches of the dungeon, and saw 8 of its levels.
You also visited: Bailey.

You collected 138 gold pieces.

Inventory:

Missiles
 i - 9 stones
 v - 3 boomerangs of dispersal
 w - 15 boomerangs (quivered)
 x - 11 poisoned darts
 y - 7 atropa-tipped darts
Armour
 a - a +0 robe (worn)
 b - a +0 kite shield (worn)
Jewellery
 q - a ring of wizardry (left claw)
Wands
 l - a wand of iceblast (14)
 p - a wand of paralysis (8)
 z - a wand of polymorph (5)
Scrolls
 e - a scroll of teleportation {unknown}
 f - a scroll of blinking {unknown}
 k - 2 scrolls of enchant weapon {unknown}
 m - a scroll of poison {unknown}
 s - a scroll of noise {unknown}
 u - a scroll of enchant armour {unknown}
Potions
 g - a potion of attraction
 h - a potion of degeneration
 j - 2 potions of resistance
 n - a potion of ambrosia
 o - 2 potions of curing
 r - a potion of lignification {unknown}
 t - 2 potions of mutation {unknown}


   Skills:
 + Level 4.1 Fighting
 - Level 2.4 Dodging
 + Level 4.5 Shields
 * Level 6.1 Unarmed Combat


You had 6 spell levels left.
You didn't know any spells.
Your spell library contained the following spells:

 Spells                   Type           Power      Damage    Failure   Level
 Shock                    Conj/Air       0%         1d3       41%         1
 Swiftness                Air            0%         N/A       77%         3
 Airstrike                Air            0%         2d(0-16)  98%         4


Dungeon Overview and Level Annotations

Branches:
Dungeon (8/15)             Temple (1/1) D:4          Bailey (visited)
   Lair: D:8-11

Altars:
Ashenzari
Elyvilon
Fedhas
Gozag
Hepliaklqana
Kikubaaqudgha
Makhleb
Nemelex Xobeh
Okawaru
Sif Muna
Trog
Uskayaw
Xom
Yredelemnul
Zin

Annotations:
D:3 2 runed translucent doors, pacmanke6689's ghost, amateur DrGl
D:7 Joseph


Innate Abilities, Weirdness & Mutations

You are too large for most types of armour.
You have claws for hands.
Your natural rate of healing is unusually fast.
You are covered in fur. (AC +1)
You have tough skin. (AC +1)


Message History

The sling bullet hits you! Something hits you but does no damage.
You barely miss something.
Joseph shoots a sling bullet.
You block the sling bullet.
You closely miss something. You block something's attack.
You miss something.
Joseph shoots a sling bullet.
Something hits you. Something shocks you.
You closely miss something.
Joseph shoots a sling bullet.
You scratch something. Something hits you. Something shocks you.
You claw something!
Reactivating autopickup.
You feel a bit more experienced.
Joseph shoots a sling bullet.
The sling bullet barely misses you.
You claw Joseph!
Joseph is moderately wounded.
You claw Joseph!
Joseph is heavily wounded.
Joseph unwields a +0 sling.
Joseph wields a +0 quarterstaff.
Joseph hits you with a +0 quarterstaff!
You closely miss Joseph.
Joseph is heavily wounded.
Joseph hits you with a +0 quarterstaff!
You scratch Joseph.
Joseph is heavily wounded.
You completely miss Joseph.
Joseph is heavily wounded.
Joseph hits you with a +0 quarterstaff!
* * * LOW HITPOINT WARNING * * *
You scratch Joseph.
Joseph is heavily wounded.
Joseph hits you with a +0 quarterstaff.
* * * LOW HITPOINT WARNING * * *
You closely miss Joseph.
Joseph is heavily wounded.
Joseph barely misses you.
You mangle Joseph!!
Joseph is severely wounded.
You claw Joseph!
Joseph is almost dead.
Joseph hits you with a +0 quarterstaff!
You die...

..........#
#######......!..#
................#
....$...........#
................#
.......$........#
................#########
........@@.)..>.##.......
........###...####.......
.######## #.....†........
#...####.....{. #...##
#.....#. #....#######.##
####.......#[##
##......#.#. #...(.$#.#.


You could see Joseph.

Vanquished Creatures
  Menkaure (D:7)
  A sky beast (D:7)
  A black bear (D:7)
  3 kobold brigands (Bailey)
  An orc priest (D:3)
  3 iguanas
  2 orc wizards
  An adder (D:2)
  2 gnolls (D:8)
  A shadow imp (D:8)
  3 worms
  2 dart slugs
  5 orcs
  9 endoplasms
  3 giant cockroaches
  5 goblins
  2 hobgoblins (D:1)
  2 quokkas (D:1)
  4 ball pythons
  6 bats
  4 frilled lizards
  16 kobolds
  3 rats
  A spectral orc (D:4)
81 creatures vanquished.

Notes
Turn   | Place    | Note
-------+----------+-------------------------------------------
     0 | D:1      | LustLizard the Troll Fighter began the quest for the Orb.
     0 | D:1      | Reached XP level 1. HP: 22/22 MP: 0/0
   105 | D:1      | Reached XP level 2. HP: 29/29 MP: 1/1
   968 | D:2      | Reached XP level 3. HP: 31/36 MP: 2/2
  1311 | D:2      | Reached skill level 3 in Unarmed Combat
  1374 | D:2      | Reached XP level 4. HP: 41/44 MP: 3/3
  1754 | D:3      | Found an opulent altar of Gozag.
  1826 | D:3      | Found a blossoming altar of Fedhas.
  2052 | D:3      | Reached skill level 4 in Unarmed Combat
  2052 | D:3      | Reached XP level 5. HP: 43/53 MP: 4/4
  2063 | D:3      | Found a large runed translucent door.
  2064 | D:3      | Found a large runed translucent door.
  2113 | D:3      | Found a hide-covered altar of Uskayaw.
  2279 | D:3      | Noticed pacmanke6689's ghost (amateur DrGl)
  2390 | D:4      | Found a staircase to the Ecumenical Temple.
  2435 | Temple   | Entered the Ecumenical Temple
  2813 | D:4      | Found a basalt altar of Yredelemnul.
  2910 | D:4      | Found a glowing silver altar of Zin.
  3203 | D:5      | Entered Level 5 of the Dungeon
  3206 | D:5      | Noticed a phantom
  3303 | D:5      | You fall into a shaft and drop 3 floors!
  3382 | D:8      | Found a flagged portal.
  3409 | Bailey   | Entered a bailey
  3426 | Bailey   | Reached XP level 6. HP: 61/61 MP: 5/5
  3443 | Bailey   | Reached skill level 5 in Unarmed Combat
  3511 | Bailey   | Noticed an orc warrior
  3511 | Bailey   | Noticed an orc warrior
  3645 | D:7      | Reached XP level 7. HP: 19/68 MP: 6/6
  3700 | D:7      | Noticed Menkaure
  3712 | D:7      | Killed Menkaure
  3713 | D:7      | Reached skill level 6 in Unarmed Combat
  3746 | D:7      | Found an ancient bone altar of Kikubaaqudgha.
  3748 | D:7      | Noticed Joseph
  3795 | D:7      | Slain by Joseph

Illustrated notes

Levels and vault maps discovered:
D:1:      psy_arrival_dodecagon, layout_basic, minmay_tetromino_l2
D:2:      layout_loops_ring, kennysheep_generic_room_14
D:3:      layout_loops_ring, mainiacjoe_overflow_chevrons, fedhas_altar_2,
          nicolae_uskayaw_suspiria, ebering_ghost_disaster_area, minivault_25
D:4:      layout_gridville, mainiacjoe_overflow_six_doors_small,
          yredelemnul_forgotten_temple_becter, temple_pool_b
D:5:      layout_loops_ring, nicolae_tso_swordbearing_angel, serial_shops,
          kennysheep_little_box, ebering_ghost_gozag, uniq_sigmund
D:7:      layout_basic, kiku_gazebo_pond_becter, uniq_menkaure, uniq_pikel,
          uniq_joseph, uniq_prince_ribbit1
D:8:      layout_loops_cross, enter_ossuary_5, enter_bailey_3,
          columned_hall_lemuel
Temple:   grunt_temple_mini_profane

Skill      XL: |  1  2  3  4  5  6  7 |
---------------+----------------------+-----
Shields        | 3 4 |  4.5
Unarmed Combat | 3 4 5 6 |  6.1
Fighting       | 3 4 |  4.1
Dodging        | |  2.4

Action                   |  1- 3 |  4- 6 |  7- 9 || total
-------------------------+-------+-------+-------++-------
Melee: Unarmed           |    71 |   127 |    19 ||   217
Evoke: Wand              |       |     2 |       ||     2
  Use: Scroll            |       |     6 |       ||     6
       Potion            |       |       |     2 ||     2
 Stab: Sleeping          |     1 |       |       ||     1
Armor: Robe              |    16 |    62 |     1 ||    79
Dodge: Dodged            |    18 |    46 |     3 ||    67
Block: Kite shield       |    26 |    60 |     3 ||    89
